 Dungeon Crawl Stone Soup version 0.30-a0-305-g026cb31310 (webtiles) character file.

Game seed: 11535325977813875043

40 mopl the Ducker (level 3, 0/35 HPs)
             Began as a Gnoll Monk on Oct 23, 2022.
             Slain by a gnoll
             ... wielding a +0 whip
              (6 damage)
             ... on level 2 of the Dungeon.
             The game lasted 00:02:07 (985 turns).

mopl the Ducker (Gnoll Monk)                         Turns: 985, Time: 00:02:08

Health: 0/35       AC:  5    Str: 12    XL:     3   Next: 50%
Magic:  4/4        EV: 13    Int:  9    God:
Gold:   36         SH:  0    Dex: 14    Spells: 3/3 levels left

rFire   . . .      SeeInvis .    a - +0 mace
rCold   . . .      Faith    .    (no shield)
rNeg    . . .      Spirit   .    d - +0 ring mail
rPois   .          Reflect  .    (no helmet)
rElec   .          Harm     .    j - scarf {+Inv}
rCorr   .          Rampage  .    (no gloves)
Will    .....                    (no boots)
Stlth   ++........               (no amulet)
HPRegen 0.25/turn                (no ring)
MPRegen 0.09/turn                (no ring)

@: no status effects
A: fangs 1, strong nose, distributed training
a: Evoke Invisibility


You were on level 2 of the Dungeon.
You visited 1 branch of the dungeon, and saw 2 of its levels.

You collected 78 gold pieces.
You spent 42 gold pieces at shops.

Inventory:

Hand Weapons
 a - a +0 mace (weapon)
Armour
 d - a +0 ring mail (worn)
 j - a scarf of invisibility (worn)
Jewellery
 h - a ring of protection from cold
Scrolls
 b - a scroll of poison {unknown}
 e - a scroll of enchant armour {unknown}
 f - a scroll of butterflies {unknown}
 i - a scroll of brand weapon {unknown}
 k - a scroll of teleportation
Potions
 c - 2 potions of ambrosia
 g - a potion of degeneration {unknown}


   Skills:
 + Level 6.5 Fighting
 + Level 0.9 Short Blades
 + Level 0.9 Long Blades
 + Level 0.9 Axes
 + Level 6.5 Maces & Flails
 + Level 0.9 Polearms
 + Level 0.9 Staves
 + Level 0.9 Ranged Weapons
 + Level 0.9 Throwing
 + Level 0.9 Armour
 + Level 6.5 Dodging
 + Level 4.2 Stealth
 + Level 0.9 Shields
 + Level 0.9 Unarmed Combat
 + Level 0.9 Spellcasting
 + Level 0.6 Conjurations
 + Level 0.6 Hexes
 + Level 0.6 Summonings
 + Level 0.6 Necromancy
 + Level 0.6 Translocations
 + Level 0.6 Transmutations
 + Level 0.6 Fire Magic
 + Level 0.6 Ice Magic
 + Level 0.6 Air Magic
 + Level 0.6 Earth Magic
 + Level 0.6 Poison Magic
 + Level 1.0 Invocations
 + Level 0.9 Evocations


You had 3 spell levels left.
You didn't know any spells.
Your spell library was empty.

Dungeon Overview and Level Annotations

Branches:
Dungeon (2/15)

Altars:

Shops:
D:2 *


Innate Abilities, Weirdness & Mutations

You have very sharp teeth.
Your uncanny sense of smell can sniff out nearby items.
Your experience applies equally to all skills.


Message History

The gnoll shouts!
You hear a shout!
The goblin completely misses you.
You barely miss the goblin.
A goblin comes into view. It is wielding a +0 dagger.
The goblin hits you with a +0 club.
You closely miss the goblin. The goblin barely misses you.
You hit the goblin.
You kill the goblin!
You closely miss the gnoll. The gnoll misses you.
You barely miss the gnoll. The gnoll misses you.
You hit the gnoll but do no damage. The gnoll hits you with a +0 whip.
A gnoll comes into view. It is wielding a +0 whip.
You closely miss the gnoll. Your punch misses the gnoll.
The gnoll barely misses you.
You hit the gnoll.
The gnoll is heavily wounded.
The gnoll misses you.
You closely miss the gnoll.
The gnoll is moderately wounded.
The gnoll hits you with a +0 whip.
The gnoll throws a throwing net.
The throwing net hits you.
You become entangled in the net!
You are held in a net!
Unknown command.
You struggle against the net.
The gnoll hits you with a +0 whip.
You struggle against the net.
The gnoll barely misses you.
You tear a large gash into the net.
The gnoll hits you with a +0 whip. The gnoll barely misses you.
You rip the net and break free!
The gnoll barely misses you. The gnoll hits you with a +0 whip.
A gnoll comes into view. It is wielding a +0 whip.
The gnoll attacks as you move away! The gnoll hits you with a +0 whip.
The gnoll attacks as you move away! The gnoll hits you with a +0 whip.
The gnoll attacks as you move away! The gnoll hits you with a +0 whip.
* * * LOW HITPOINT WARNING * * *
The gnoll attacks as you move away! The gnoll closely misses you.
The gnoll shouts!
The gnoll attacks as you move away! The gnoll hits you with a +0 whip.
* * * LOW HITPOINT WARNING * * *
The gnoll attacks as you move away! The gnoll hits you with a +0 whip.
You die...

# #.. ####. #.. ∆.....
####### #..
####..##.....# #..
.........###)# #.. . #
#.......".# #.#
....#<#######.#....#
#.# #.....@g.....#....#
#.#
#..#.###g)#..#....###..
# #....##.#.......##
#g#..#..#...###.##
#..g.♣.♣........##
#..)..#....#...##..##
#..##.##♣.♣#...##..##
..... #.##...#...##..##
###. #.##♣.♣###.......


You could see 2 gnolls.

Vanquished Creatures
  An adder (D:2)
  2 dart slugs (D:1)
  2 endoplasms (D:1)
  A giant cockroach (D:1)
  3 goblins
  4 hobgoblins (D:1)
  2 ball pythons (D:1)
  3 bats (D:1)
  2 frilled lizards (D:1)
  5 kobolds
  3 rats (D:1)
28 creatures vanquished.

Notes
Turn   | Place    | Note
-------+----------+-------------------------------------------
     0 | D:1      | mopl the Gnoll Monk began the quest for the Orb.
     0 | D:1      | Reached XP level 1. HP: 23/23 MP: 1/1
   137 | D:1      | Reached XP level 2. HP: 28/29 MP: 2/2
   680 | D:1      | Reached XP level 3. HP: 35/35 MP: 3/3
   880 | D:2      | Found Heklonux's General Store.
   897 | D:2      | Reached skill level 1 in Invocations
   903 | D:2      | Bought a scroll of teleportation for 42 gold pieces
   985 | D:2      | Slain by a gnoll

Illustrated notes

Levels and vault maps discovered:
D:1:      scummos_arrival_forest, layout_basic, minmay_stone_trees_medium,
          roderic_lattice_a
D:2:      layout_basic, serial_shops, shop, serial_forest,
          infiniplex_forest_lined_3, infiniplex_forest_lined_corner,
          infiniplex_forest_end_3, infiniplex_forest_end_2

Skill      XL: |  1  2  3 |
---------------+----------+-----
Invocations    | 1 |  1.0
Fighting       | |  6.5
Short Blades   | |  0.9
Long Blades    | |  0.9
Axes           | |  0.9
Maces & Flails | |  6.5
Polearms       | |  0.9
Staves         | |  0.9
Ranged Weapons | |  0.9
Throwing       | |  0.9
Armour         | |  0.9
Dodging        | |  6.5
Stealth        | |  4.2
Shields        | |  0.9
Unarmed Combat | |  0.9
Spellcasting   | |  0.9
Conjurations   | |  0.6
Hexes          | |  0.6
Summonings     | |  0.6
Necromancy     | |  0.6
Translocations | |  0.6
Transmutations | |  0.6
Fire Magic     | |  0.6
Ice Magic      | |  0.6
Air Magic      | |  0.6
Earth Magic    | |  0.6
Poison Magic   | |  0.6
Evocations     | |  0.9

Action                   || total
-------------------------++-------
Melee: Mace              ||    81
       Punch             ||     1
       Bite              ||     3
 Stab: Sleeping          ||     6
Armor: Robe              ||     3
       Ring mail         ||    15
Dodge: Dodged            ||    55

Table legend: (Time is in decaauts)
 A = Elapsed time spent in this place.
 B = Non-inter-level travel time spent in this place.
 C = Inter-level travel time spent in this place.
 D = Time resting spent in this place.
 E = Time spent auto-exploring this place.
 F = Levels seen in this place.
 G = Mean time per level.
                   A        B        C        D        E       F      G
               +--------+--------+--------+--------+--------+-----+--------+
         Total |    990 |    962 |     28 |      0 |    723 |   2 |  495.0 |
       Dungeon |    990 |    962 |     28 |      0 |    723 |   2 |  495.0 |
               +--------+--------+--------+--------+--------+-----+--------+

Top non-repeatable levels by time:
     D:1: 883 daAuts
     D:2: 107 daAuts
